[Event "Titled Tuesday Blitz February 01 A 2022"]
[White "Postny, Evgeny"]
[Black "Shirov, Alexei"]
[WhiteFideId "2804344"]
[BlackFideId "2209390"]
[WhiteElo "2483"]
[BlackElo "2645"]
[Result "0-1"]
[Round "07"]
[TimeControl "180+1"]
[Date "2022.02.01"]
[WhiteClock "0:00:02"]
[BlackClock "0:00:46"]

1. d4 d5 2. c4 c6 3. Nf3 Nf6 4. e3 Bg4 5. Nc3 e6 6. h3 Bh5 7. g4 Bg6 8. Ne5 Nbd7 9. Nxg6 hxg6 10. Bg2 g5 11. Qe2 Bd6 12. Bd2 Qe7 13. O-O-O dxc4 14. Qxc4 Nb6 15. Qb3 Nfd5 16. Ne4 O-O-O 17. Kb1 Kb8 18. Rc1 Bb4 19. Bxb4 Nxb4 20. Nc5 N4d5 21. a4 Ka8 22. a5 Nc8 23. a6 bxa6 24. Nxa6 Qb7 25. Qa3 Nd6 26. Nc5 Nb5 27. Qa5 Qb6 28. Qxb6 axb6 29. Ne4 Kb7 30. Nxg5 Rd7 31. Ne4 Ra8 32. Bf1 Ra5 33. Bxb5 Rxb5 34. Nc3 Rb4 35. Nxd5 Rxd5 36. Rhd1 g5 37. Rc3 Rdb5 38. Rd2 Rb3 39. Rxb3 Rxb3 40. Kc2 Rb5 41. Kc3 Ra5 42. Rd1 Ra8 43. Rg1 Rh8 44. Rg3 Rh6 45. Rf3 f6 46. e4 Kc7 47. e5 fxe5 48. dxe5 c5 49. b4 Kc6 50. Kc4 b5+ 51. Kc3 c4 52. Kd4 Rh8 53. Rf6 Rd8+ 54. Kc3 Rd3+ 55. Kc2 Kd5 56. f4 gxf4 57. h4 Rh3 58. h5 Kxe5 59. Rf8 Rh4 60. Rg8 f3 61. Rf8 Rxg4 62. Rxf3 Rh4 63. Re3+ Kd5 64. Rf3 Kd4 65. Rf7 Rh2+ 66. Kc1 Kc3 67. Rf3+ Kxb4 0-1


[Site "https://www.chess.com"]

[Event "Titled Tuesday Blitz February 01 A 2022"]
[White "Rustemov, Alexander"]
[Black "Xiong, Jeffery"]
[WhiteFideId "4119002"]
[BlackFideId "2047640"]
[WhiteElo "2783"]
[BlackElo "2727"]
[Result "0-1"]
[Round "07"]
[TimeControl "180+1"]
[Date "2022.02.01"]
[WhiteClock "0:00:03"]
[BlackClock "0:00:06"]

1. d4 Nf6 2. c4 e6 3. Nf3 d5 4. Nc3 dxc4 5. e4 b5 6. e5 Nd5 7. Nxb5 Nb6 8. Be2 Be7 9. a3 Nc6 10. Be3 Bb7 11. Qc2 Qd7 12. Rd1 Na5 13. Nc3 O-O-O 14. O-O g5 15. Nd2 h5 16. b4 cxb3 17. Nxb3 Nxb3 18. Qxb3 Qc6 19. Bf3 Qc4 20. Bxb7+ Kxb7 21. Qb2 h4 22. h3 g4 23. hxg4 h3 24. Ne4 hxg2 25. Kxg2 Ka8 26. Rc1 Qd3 27. Qc2 Qxc2 28. Rxc2 Nd5 29. Bd2 Rh4 30. Kf3 Rh3+ 31. Ng3 Bxa3 32. Kg2 Rdh8 33. Nh5 Rd3 34. Nf4 Rxd2 35. Rxd2 Nxf4+ 36. Kf3 Nd5 37. Ke4 a5 38. f4 Rh3 39. Rd3 Nc3+ 40. Rxc3 Rxc3 41. f5 Bc1 42. fxe6 fxe6 43. Rf6 Re3+ 44. Kf4 Rb3+ 45. Ke4 Rb6 46. d5 exd5+ 47. Kxd5 Kb7 48. e6 Bg5 49. Rg6 Be7 50. Rg7 Rb5+ 51. Ke4 Bd6 52. Rg6 a4 53. g5 a3 54. Rh6 Rxg5 0-1


[Site "https://www.chess.com"]

[Event "Titled Tuesday Blitz February 01 A 2022"]
[White "Sarana, Alexey"]
[Black "Paravyan, David"]
[WhiteFideId "24133795"]
[BlackFideId "4194985"]
[WhiteElo "2665"]
[BlackElo "2569"]
[Result "0-1"]
[Round "07"]
[TimeControl "180+1"]
[Date "2022.02.01"]
[WhiteClock "0:00:23"]
[BlackClock "0:01:27"]

1. d4 Nf6 2. c4 g6 3. Nc3 d5 4. cxd5 Nxd5 5. e4 Nxc3 6. bxc3 Bg7 7. Bc4 c5 8. Ne2 Nc6 9. Be3 O-O 10. Qd2 cxd4 11. cxd4 Qa5 12. Rd1 Bd7 13. O-O Qxd2 14. Rxd2 Rac8 15. Rfd1 Na5 16. Bd3 Nc4 17. Bxc4 Rxc4 18. f3 Rfc8 19. Kf2 Ba4 20. Rb1 b6 21. Rbb2 e6 22. Bf4 Bf8 23. Rd3 Bc2 24. Re3 Bb4 25. g3 Bd2 26. Ra3 Ba5 27. h4 h5 28. d5 exd5 29. exd5 Bf5 30. d6 Rd8 31. Rab3 f6 32. a3 Kf7 33. Re3 Rd7 34. Kg2 a6 35. a4 Rxa4 36. Nc3 Ra3 37. Nd5 Rxe3 38. Nxe3 Be6 39. Nc2 b5 40. Rb1 Bf5 41. Ra1 Bc3 42. Rc1 Bb2 43. Rb1 Be5 44. Bxe5 Bxc2 45. Rb2 fxe5 46. Rxc2 Rxd6 47. Kf2 Kf6 48. Rc7 Rb6 49. Ke3 b4 50. Kd3 b3 0-1


[Site "https://www.chess.com"]

[Event "Titled Tuesday Blitz February 01 A 2022"]
[White "Sasikiran, Krishnan"]
[Black "Senthil Maran K"]
[WhiteFideId "5004985"]
[BlackFideId "25035681"]
[WhiteElo "2572"]
[BlackElo "2194"]
[Result "1-0"]
[Round "07"]
[TimeControl "180+1"]
[Date "2022.02.01"]
[WhiteClock "0:01:01"]
[BlackClock "0:00:02"]

1. d4 Nf6 2. c4 c5 3. d5 b5 4. Nd2 g6 5. e4 d6 6. cxb5 a6 7. a4 Bg7 8. Ngf3 O-O 9. Ra3 axb5 10. Bxb5 Ba6 11. O-O Nbd7 12. Re1 Bxb5 13. axb5 Qb6 14. Rb3 Ra4 15. Qc2 Ng4 16. Nc4 Qb7 17. Bf4 Rb4 18. Rxb4 cxb4 19. h3 Ngf6 20. Na5 Qxb5 21. Nc6 Re8 22. Nfd4 Qb7 23. Qc4 Nc5 24. e5 dxe5 25. Rxe5 Nfe4 26. f3 Bxe5 27. Bxe5 Nd7 28. fxe4 Nxe5 29. Nxe5 Ra8 30. Nec6 Ra1+ 31. Kh2 Rb1 32. Qc2 Re1 33. e5 Qc7 34. Qf2 Rxe5 35. Qg3 f6 36. Nxe5 fxe5 37. Nc6 Qd6 38. Qxe5 Qxe5+ 39. Nxe5 Kg7 40. Nc6 Kf6 41. g4 1-0


[Site "https://www.chess.com"]

[Event "Titled Tuesday Blitz February 01 A 2022"]
[White "Savchenko, Boris"]
[Black "Sviridov, Valery"]
[WhiteFideId "4147332"]
[BlackFideId "4120680"]
[WhiteElo "2512"]
[BlackElo "2454"]
[Result "1-0"]
[Round "07"]
[TimeControl "180+1"]
[Date "2022.02.01"]
[WhiteClock "0:00:07"]
[BlackClock "0:00:21"]

1. e4 Nf6 2. e5 Nd5 3. d4 d6 4. exd6 Qxd6 5. c4 Nf6 6. Nc3 Bg4 7. f3 Bh5 8. Nge2 e6 9. Bf4 Qd8 10. Qb3 Qc8 11. Nb5 Na6 12. O-O-O Be7 13. h4 Bg6 14. g4 h5 15. g5 Nd7 16. Nec3 O-O 17. Bd3 Bxd3 18. Rxd3 e5 19. Nd5 Bd8 20. Bg3 Re8 21. Re1 Re6 22. f4 c6 23. f5 cxd5 24. fxe6 dxc4 25. exd7 Qxd7 26. Qxc4 Rc8 27. Qxc8 Qxc8+ 28. Rc3 Qd7 29. Rxe5 Bb6 30. a3 Nc7 31. Nxc7 Bxc7 32. Ree3 Bxg3 33. Rxg3 Qxd4 34. Rh3 Qf2 35. Kb1 a5 36. a4 Qf4 37. b3 Qd2 38. Rcd3 Qe2 39. Kc1 Kh7 40. Rde3 Qa2 41. Ref3 Kg6 42. Re3 Qg2 43. Ref3 b5 44. axb5 Qg1+ 45. Kc2 Qc5+ 46. Rc3 Qxb5 47. Rcf3 Qb4 48. Kd1 Qg4 49. Ke2 Qd7 50. Kf2 Qb5 51. Kg2 Qb7 52. Kf2 Qb4 53. Re3 Qd2+ 54. Kf1 f6 55. gxf6 gxf6 56. Rhg3+ Kf7 57. Rh3 Qc2 58. Rhf3 Qd1+ 59. Kf2 Qd2+ 60. Kg3 Qd6+ 61. Kh3 Qb4 62. Rg3 Qf4 63. Ref3 Qe4 64. Rf1 Qe6+ 65. Kh2 Qe2+ 66. Kg1 Qe4 67. Rh3 Qg4+ 68. Kh2 Qe2+ 69. Kg1 Qd2 70. Rf2 Qd1+ 71. Kg2 Qg4+ 72. Kh2 Qb4 73. Kg2 Qb7+ 74. Kh2 Qe4 75. Rff3 Qe5+ 76. Kg2 Qb2+ 77. Rf2 Qc1 78. Rff3 Qc6 79. Kh2 Qe6 80. Rf2 Qe5+ 81. Kg2 f5 82. Rhf3 Qe4 83. Kg1 Qg4+ 84. Kf1 Kf6 85. Rf4 Qg3 86. Rxf5+ Kg6 87. Rf6+ Kh7 88. Rf7+ Kh6 89. R2f6+ 1-0


[Site "https://www.chess.com"]

[Event "Titled Tuesday Blitz February 01 A 2022"]
[White "Shimelkov, Vasiliy"]
[Black "Indjic, Aleksandar"]
[WhiteFideId "13701630"]
[BlackFideId "911925"]
[WhiteElo "2073"]
[BlackElo "2616"]
[Result "0-1"]
[Round "07"]
[TimeControl "180+1"]
[Date "2022.02.01"]
[WhiteClock "0:00:17"]
[BlackClock "0:01:56"]

1. d4 Nf6 2. c4 c5 3. d5 e6 4. Nc3 exd5 5. cxd5 d6 6. h3 g6 7. Nf3 a6 8. a4 Qe7 9. Bf4 Nbd7 10. Nd2 Ne5 11. e4 Nfd7 12. Be2 Bg7 13. O-O g5 14. Bh2 Rb8 15. Re1 Nf8 16. Nf1 Nfg6 17. Ne3 Nf4 18. Bg4 Nxg4 19. hxg4 Be5 20. Nf5 Qf6 21. Bxf4 gxf4 22. Qf3 h5 23. gxh5 Bxf5 24. exf5 Qxf5 25. Ne4 Kd7 26. Ng3 Qg5 27. Ne4 Qxh5 28. Qxh5 Rxh5 29. Rab1 Bd4 30. Kf1 Rxd5 31. Ke2 f5 32. Ng5 Rg8 33. Nh3 Be5 34. Kf1 Rd3 35. Rbd1 Rxd1 36. Rxd1 Kc6 37. b3 b5 38. f3 c4 39. bxc4 bxc4 40. Nf2 Rb8 41. Rc1 Kd5 42. Nd1 Rb3 43. Rc2 Kc5 44. Ke2 d5 0-1


[Site "https://www.chess.com"]

[Event "Titled Tuesday Blitz February 01 A 2022"]
[White "Terry, Renato"]
[Black "Pranav, V"]
[WhiteFideId "3803457"]
[BlackFideId "25060783"]
[WhiteElo "2577"]
[BlackElo "2349"]
[Result "1/2-1/2"]
[Round "07"]
[TimeControl "180+1"]
[Date "2022.02.01"]
[WhiteClock "0:00:17"]
[BlackClock "0:00:38"]

1. d4 Nf6 2. Nf3 e6 3. c4 b6 4. g3 Ba6 5. Qa4 Bb7 6. Bg2 Be7 7. O-O O-O 8. Nc3 d5 9. Ne5 c6 10. Rd1 a6 11. Qb3 b5 12. c5 a5 13. a3 Nbd7 14. Nxd7 Nxd7 15. e4 Rc8 16. e5 f5 17. exf6 Bxf6 18. f4 g5 19. Ne2 Qe7 20. Be3 Rce8 21. Qd3 gxf4 22. gxf4 Kh8 23. Kh1 Rg8 24. Rg1 Rg7 25. Bh3 Reg8 26. b4 axb4 27. axb4 Bc8 28. Ng3 Bh4 29. Nh5 Rxg1+ 30. Rxg1 Rxg1+ 31. Bxg1 Nf6 32. Nxf6 Qxf6 33. Be3 Bd7 34. Qe2 Be8 35. Qg4 Bf7 36. f5 exf5 37. Qxf5 Qe7 38. Qe5+ Qxe5 39. dxe5 Be8 40. Bd2 d4 41. Kg2 Bf7 42. e6 Bg6 43. Kf3 Kg7 44. Kg4 Be7 45. Bg2 Kf6 46. Bxc6 Kxe6 47. Bxb5 Kd5 48. Be2 d3 49. Bf3+ Kc4 50. c6 Bd6 51. Bf4 Bxf4 52. Kxf4 Be8 53. c7 Bd7 54. Ke3 Kxb4 55. Kxd3 Kc5 56. Bb7 Kd6 57. c8=Q Bxc8 58. Bxc8 Ke7 59. Ke4 Kf6 60. Kf4 Kg7 61. Kg5 Kh8 62. Kh6 Kg8 63. Be6+ Kh8 64. Bf5 Kg8 65. Kg5 Kh8 66. Kf6 h5 67. h4 Kg8 68. Kg6 Kh8 69. Kh6 Kg8 70. Kg5 Kh8 71. Bg6 Kg8 72. Kf6 Kh8 73. Bf7 Kh7 74. Ke7 Kh8 75. Ke8 Kg7 76. Ke7 Kh8 77. Kf8 Kh7 78. Be6 Kh8 79. Bh3 Kh7 80. Bg2 Kh8 81. Kf7 Kh7 82. Kf6 Kh8 83. Kg6 Kg8 84. Kh6 Kh8 85. Be4 Kg8 86. Bf5 Kh8 87. Bg6 Kg8 88. Be8 Kh8 89. Bc6 Kg8 90. Bb5 Kh8 91. Bd3 Kg8 92. Be4 Kh8 93. Kg5 Kg8 94. Kf5 Kh8 95. Kf6 Kg8 96. Bd5+ Kh8 97. Be6 Kh7 98. Kf7 Kh8 99. Kf8 Kh7 100. Bf7 Kh8 101. Be8 Kh7 102. Bd7 Kh8 103. Bc6 Kh7 104. Bb7 Kh8 105. Ba6 Kh7 106. Bb5 Kh8 107. Ba4 Kh7 108. Bc2+ Kh8 109. Bb1 1/2-1/2


[Site "https://www.chess.com"]

[Event "Titled Tuesday Blitz February 01 A 2022"]
[White "Urazayev, Arystanbek"]
[Black "Svane, Rasmus"]
[WhiteFideId "13709810"]
[BlackFideId "4657101"]
[WhiteElo "2321"]
[BlackElo "2645"]
[Result "0-1"]
[Round "07"]
[TimeControl "180+1"]
[Date "2022.02.01"]
[WhiteClock "0:00:04"]
[BlackClock "0:00:35"]

1. d4 d5 2. c4 e6 3. Nf3 a6 4. cxd5 exd5 5. Nc3 Nf6 6. Bg5 Be6 7. Bxf6 Qxf6 8. Qb3 Ra7 9. a3 Qd8 10. h4 Be7 11. g3 O-O 12. Bh3 c5 13. Rd1 c4 14. Qc2 h6 15. Kf1 b5 16. e4 Bxh3+ 17. Rxh3 dxe4 18. Qxe4 Re8 19. Qc2 Bf8 20. Kg2 Rd7 21. d5 Be7 22. Ne5 Rd6 23. Rhh1 Bf6 24. f4 Bxe5 25. fxe5 Rxe5 26. Rhe1 Rxe1 27. Rxe1 Nd7 28. Rd1 Nc5 29. Qf5 Rf6 30. Qg4 Rg6 31. Qf3 Nd3 32. Rd2 Qxh4 33. Qe3 Nf4+ 34. Kf3 Rxg3+ 0-1


[Site "https://www.chess.com"]

[Event "Titled Tuesday Blitz February 01 A 2022"]
[White "Vasquez Schroeder, Rodrigo"]
[Black "Nakamura, Hikaru"]
[WhiteFideId "3400042"]
[BlackFideId "2016192"]
[WhiteElo "2568"]
[BlackElo "2850"]
[Result "1/2-1/2"]
[Round "07"]
[TimeControl "180+1"]
[Date "2022.02.01"]
[WhiteClock "0:00:39"]
[BlackClock "0:00:15"]

1. e4 c6 2. d4 d5 3. exd5 cxd5 4. Bd3 Nc6 5. c3 g6 6. h3 Bg7 7. Qc2 f6 8. f4 Nh6 9. Nf3 Bf5 10. O-O O-O 11. Re1 Qd7 12. Qe2 Bxd3 13. Qxd3 Nf5 14. Nbd2 Rac8 15. Nb3 b6 16. Be3 Nd6 17. Nbd2 Rfd8 18. Rad1 f5 19. Ne5 Qb7 20. Bf2 Nxe5 21. fxe5 Ne4 22. Nxe4 dxe4 23. Qb5 e6 24. Qb3 Qc6 25. a4 Rd7 26. Be3 h6 27. h4 Kh7 28. g3 Bf8 29. Rc1 Rcd8 30. Red1 Be7 31. Kg2 Kg7 32. c4 Qc7 33. d5 Bc5 34. d6 Qc8 35. Qc3 a5 36. Qd2 Rh8 37. b3 Qc6 38. Qc3 Bxe3 39. Qxe3 Qc5 40. Qc3 Rdd8 41. Rd2 g5 42. Rcd1 gxh4 43. gxh4 Rhg8 44. Kh3 Kh7 45. Qd4 Rg7 46. Qxc5 bxc5 47. Rg2 Rb7 48. Rg3 f4 49. Rc3 h5 50. Rg1 Rdb8 51. Rb1 Kg6 52. Rg1+ Kf7 53. Rf1 f3 54. Re3 Rxb3 55. Rxe4 Kg6 56. Rf4 Re3 57. Rg1+ Kh7 58. Rf7+ Kh8 59. Rg5 Rb2 60. Rf8+ Kh7 61. d7 f2+ 62. Rg3 Re1 63. Rf7+ Kh6 64. Rg2 Re3+ 65. Kh2 Rd3 66. Rf8 Kh7 67. Rf7+ Kh6 68. Rgxf2 Rxf2+ 69. Rxf2 Rxd7 70. Rf6+ Kg7 71. Rxe6 Rd4 72. Ra6 Rxh4+ 73. Kg3 Rxc4 74. Rxa5 Kf7 75. Ra6 Re4 76. Rf6+ Ke7 77. Rf5 Rxa4 78. Rxh5 Ke6 79. Kf3 Rb4 80. Ke3 Kd5 81. e6+ Kxe6 82. Rxc5 Kd6 1/2-1/2


[Site "https://www.chess.com"]

[Event "Titled Tuesday Blitz February 01 A 2022"]
[White "Wagner, Dennis"]
[Black "Shimanov, Aleksandr"]
[WhiteFideId "24650684"]
[BlackFideId "4198603"]
[WhiteElo "2355"]
[BlackElo "2636"]
[Result "0-1"]
[Round "07"]
[TimeControl "180+1"]
[Date "2022.02.01"]
[WhiteClock "0:00:04"]
[BlackClock "0:00:14"]

1. d4 d5 2. c4 c6 3. Nf3 Nf6 4. Nc3 dxc4 5. e4 b5 6. Be2 Bg4 7. h3 Bxf3 8. Bxf3 e6 9. a4 b4 10. Ne2 Qa5 11. O-O Be7 12. Qc2 Qa6 13. Be3 Nbd7 14. Rfc1 c3 15. bxc3 bxc3 16. Qxc3 Rc8 17. Nf4 O-O 18. Nd3 h6 19. a5 Rfd8 20. Rab1 Rb8 21. Bf4 Rxb1 22. Rxb1 Rc8 23. Bd2 c5 24. d5 exd5 25. exd5 Bd6 26. Nf4 c4 27. Ne2 Be5 28. Nd4 Nc5 29. Be3 Nce4 30. Qc2 Bxd4 31. Bxd4 Ng5 32. Qf5 Nxf3+ 33. Qxf3 Rd8 34. Bxf6 Qxf6 35. Qxf6 gxf6 36. Rb7 Rxd5 37. Rxa7 Rc5 38. a6 c3 39. Ra8+ Kg7 40. a7 c2 41. Rg8+ Kxg8 42. a8=Q+ Kg7 43. Qf3 c1=Q+ 44. Kh2 Qg5 45. g3 Qf5 46. Qg2 Rc2 0-1


[Site "https://www.chess.com"]

[Event "Titled Tuesday Blitz February 01 A 2022"]
[White "Williams, Simon K"]
[Black "Kobalia, Mikhail"]
[WhiteFideId "404454"]
[BlackFideId "4119150"]
[WhiteElo "2468"]
[BlackElo "2667"]
[Result "0-1"]
[Round "07"]
[TimeControl "180+1"]
[Date "2022.02.01"]
[WhiteClock "0:02:00"]
[BlackClock "0:01:24"]

1. d4 d5 2. c4 c6 3. Nc3 dxc4 4. e4 b5 5. a4 b4 6. Nce2 Nf6 7. Ng3 g6 8. Bxc4 Bg7 9. N1e2 O-O 10. h4 Ba6 11. Bxa6 Nxa6 12. h5 c5 13. d5 c4 14. Be3 Ng4 15. Bd4 Qd6 16. Bxg7 Kxg7 17. hxg6 hxg6 18. f3 Ne5 19. Nd4 Nd3+ 0-1


[Site "https://www.chess.com"]

[Event "Titled Tuesday Blitz February 01 A 2022"]
[White "Willow, Jonah B"]
[Black "Liyanage, Ranindu Dilshan"]
[WhiteFideId "438804"]
[BlackFideId "9915834"]
[WhiteElo "2261"]
[BlackElo "1858"]
[Result "1-0"]
[Round "07"]
[TimeControl "180+1"]
[Date "2022.02.01"]
[WhiteClock "0:01:08"]
[BlackClock "0:00:24"]

1. e4 e6 2. d3 d5 3. Nd2 Nf6 4. g3 Be7 5. Bg2 O-O 6. Ngf3 a5 7. O-O a4 8. a3 c5 9. Re1 Nc6 10. Qe2 Re8 11. h4 b5 12. e5 Nd7 13. Nf1 Qc7 14. h5 b4 15. Bf4 Ba6 16. Ne3 Nd4 17. Nxd4 cxd4 18. Nxd5 exd5 19. e6 Bd6 20. exf7+ Kxf7 21. Bxd5+ Kf8 22. Bxd6+ Qxd6 23. Qf3+ Nf6 24. Bxa8 Rb8 25. axb4 Rxb4 26. Bc6 Kg8 27. b3 a3 28. h6 Rb6 29. Be4 gxh6 30. Qf5 Rb5 31. Qf3 Rg5 32. b4 Bc8 33. Rxa3 Qxb4 34. Raa1 Qd6 35. Ra8 Rc5 36. Bb7 1-0


[Site "https://www.chess.com"]

[Event "Titled Tuesday Blitz February 01 A 2022"]
[White "Yeletsky, Ivan"]
[Black "Aradhya, Garg"]
[WhiteFideId "24180327"]
[BlackFideId "25006746"]
[WhiteElo "2348"]
[BlackElo "2169"]
[Result "0-1"]
[Round "07"]
[TimeControl "180+1"]
[Date "2022.02.01"]
[WhiteClock "0:00:03"]
[BlackClock "0:00:03"]

1. Nf3 d5 2. g3 c5 3. Bg2 Nc6 4. d4 g6 5. c4 Bg7 6. cxd5 Nxd4 7. O-O Bg4 8. Be3 Bxf3 9. exf3 Nh6 10. g4 Qxd5 11. Nc3 Qd7 12. Qd2 Ng8 13. Ne4 Rc8 14. b4 c4 15. Nc5 c3 16. Qd1 Qd8 17. Nxb7 Qb6 18. Nc5 Qxb4 19. Nd3 Qc4 20. Rc1 Nf6 21. Ne5 Ne2+ 22. Kh1 Qb5 23. a4 Qxe5 24. Qxe2 O-O 25. f4 Qa5 26. f5 gxf5 27. gxf5 Qxf5 28. Rg1 Kh8 29. Bxa7 Nd5 30. a5 Nf4 31. Qf3 e5 32. Be3 Ra8 33. Qxa8 Rxa8 34. Bxa8 Qc8 35. Bf3 Nd3 36. Rc2 f5 37. a6 Qxa6 38. Rxc3 e4 39. Rb3 Qc8 40. Bg2 f4 41. Rxd3 exd3 42. Bxf4 Qc2 43. Be3 d2 44. Bf3 Be5 45. Rd1 Qc3 46. Rxd2 Kg7 47. Kg2 Kf6 48. Rd5 Ke6 49. Rb5 Qc7 50. Rb6+ Kf7 51. Rh6 Kg7 52. Rh4 Bf6 53. Rg4+ Kf7 54. Bd5+ Ke7 55. Bf4 Qc5 56. Bf3 h5 57. Rg3 Qf5 58. Be3 h4 59. Rh3 Qg6+ 60. Kf1 Qb1+ 61. Kg2 Qg6+ 62. Kf1 Qd3+ 63. Be2 Qb1+ 64. Kg2 Qe4+ 65. Rf3 Qg6+ 66. Kf1 Qb1+ 67. Kg2 Qg6+ 68. Kh3 Qf7 69. Rf4 Qe6+ 70. Bg4 Qd5 71. Rxf6 Kxf6 72. Kxh4 Qg2 73. h3 Qc6 74. Bg5+ Kg7 75. f4 Qc1 76. f5 Qc4 77. Kh5 Qf7+ 78. Kh4 Qf8 79. f6+ Kg6 80. Bh5+ Kf5 81. f7 Qb4+ 82. Bg4+ Kg6 83. f8=Q Qxf8 84. Bh5+ Kg7 85. Bg4 Qh8+ 86. Kg3 Kg6 87. h4 Qc3+ 88. Kf4 Qd4+ 89. Kf3 Qd5+ 90. Kg3 Qe5+ 91. Bf4 Qc3+ 92. Bf3 Kf5 93. Bg5 Qe5+ 94. Kg2 Qd4 95. Kg3 Qg1+ 96. Kh3 Ke5 97. Bg2 Kd4 98. Kg3 Kd3 99. Kf3 Qd1+ 100. Kf4 Qd2+ 101. Kg3 Qe1+ 102. Kg4 Qe2+ 103. Bf3 Qf1 104. h5 Kd4 105. h6 Qg1+ 106. Kf4 Qh2+ 107. Kf5 Qh3+ 108. Bg4 Qd3+ 109. Kf6 Kd5 110. Bf5 Qd4+ 111. Kg6 Qh8 112. h7 Ke5 113. Bg4 Qe8+ 114. Kh6 Qf8+ 115. Kh5 Qf7+ 116. Kh6 Qf8+ 117. Kg6 Qh8 118. Bh6 Qe8+ 119. Kg7 Qe7+ 120. Kg8 Qe8+ 121. Bf8 Qg6+ 122. Bg7+ Kf4 123. Bd7 Qd6 124. Be8 Qe6+ 125. Bf7 Qc8+ 126. Bf8 Qg4+ 127. Kh8 Kf5 128. Bg8 Kf6 129. Bg7+ Qxg7# 0-1


[Site "https://www.chess.com"]

[Event "Titled Tuesday Blitz February 01 A 2022"]
[White "Zhigalko, Sergei"]
[Black "Brodowski, Piotr"]
[WhiteFideId "13502956"]
[BlackFideId "1124480"]
[WhiteElo "2662"]
[BlackElo "2422"]
[Result "1-0"]
[Round "07"]
[TimeControl "180+1"]
[Date "2022.02.01"]
[WhiteClock "0:00:02"]
[BlackClock "0:00:02"]

1. e4 d6 2. d4 g6 3. Nc3 Bg7 4. Be3 Nd7 5. h4 h6 6. Qd2 c6 7. O-O-O b5 8. h5 g5 9. f4 gxf4 10. Bxf4 Qa5 11. Kb1 b4 12. Nce2 Ngf6 13. Ng3 Nb6 14. Nf3 Be6 15. b3 Na4 16. bxa4 Qxa4 17. d5 Nxd5 18. exd5 Bxd5 19. Qxd5 cxd5 20. Rxd5 Qa3 21. Nd4 a6 22. Ngf5 Bf6 23. Rh3 Qa4 24. Re3 Kf8 25. Bc4 Rc8 26. Bb3 Qd7 27. Nxh6 Bg7 28. Nxf7 e6 29. Rxd6 Kxf7 30. Rxd7+ Kg8 31. Nxe6 Bf6 32. Rg3+ 1-0


[Site "https://www.chess.com"]

[Event "Titled Tuesday Blitz February 01 A 2022"]
[White "Arabidze, Meri"]
[Black "Urazayev, Arystanbek"]
[WhiteFideId "13604040"]
[BlackFideId "13709810"]
[WhiteElo "2329"]
[BlackElo "2321"]
[Result "1/2-1/2"]
[Round "08"]
[TimeControl "180+1"]
[Date "2022.02.01"]
[WhiteClock "0:00:06"]
[BlackClock "0:00:07"]

1. d4 d5 2. c4 e6 3. Nf3 h6 4. g3 Nf6 5. Bg2 Bd6 6. O-O O-O 7. Qc2 b6 8. cxd5 exd5 9. Nc3 c6 10. a3 Re8 11. b4 Nbd7 12. Bf4 Bxf4 13. gxf4 Bb7 14. e3 Rc8 15. Rab1 b5 16. a4 a6 17. a5 Qe7 18. Ne5 Nf8 19. Bh3 Rcd8 20. Kh1 Ne4 21. Bg2 Nd6 22. Rg1 Nc4 23. Qf5 Bc8 24. Qh5 Rd6 25. Bf3 Nd2 26. Rb2 Nxf3 27. Qxf3 f6 28. Nd3 Rdd8 29. Nc5 Ne6 30. Nxe6 Bxe6 31. Qg3 Bf5 32. h4 Kh7 33. Nb1 Rd7 34. Nd2 Qf7 35. Nb3 Rde7 36. Nc5 Ra8 37. Rg2 Qh5 38. Kg1 Qd1+ 39. Kh2 Qh5 40. Kg1 Rea7 41. Rd2 Rg8 42. Kf1 Bc8 43. Ke1 Qf5 44. Rd1 Re7 45. Kd2 Rge8 46. Re1 Rg8 47. Kc3 Rge8 48. Kd2 Kg8 49. Kc3 Kf8 50. Kd2 Rf7 51. Kc3 Ke7 52. e4 dxe4 53. Rxe4+ Kd8 54. Qe3 Rxe4 55. Qxe4 Qxe4 56. Nxe4 Kc7 57. Rg3 Re7 58. Nc5 Kd6 59. Re3 g5 60. fxg5 fxg5 61. hxg5 Rxe3+ 62. fxe3 h5 63. g6 Ke7 64. Ne4 h4 65. Kd2 Bf5 66. g7 Bh7 67. Ng5 Bg8 68. e4 Kf6 69. Nf3 h3 70. Ke3 Kxg7 71. Kf2 Bh7 72. Ng5 Bg6 73. Kg3 Kf6 74. Nxh3 Bxe4 75. Kf4 Bg2 76. Nf2 Ke6 77. Nd3 Kd5 78. Nc5 Kxd4 79. Nxa6 c5 80. Nxc5 Kc4 81. Na6 Bb7 82. Nc7 Kxb4 83. Nxb5 Kxa5 1/2-1/2


[Site "https://www.chess.com"]

[Event "Titled Tuesday Blitz February 01 A 2022"]
[White "Aradhya, Garg"]
[Black "Nogerbek, Kazybek"]
[WhiteFideId "25006746"]
[BlackFideId "13710427"]
[WhiteElo "2662"]
[BlackElo "2860"]
[Result "0-1"]
[Round "08"]
[TimeControl "180+1"]
[Date "2022.02.01"]
[WhiteClock "0:00:29"]
[BlackClock "0:00:31"]

1. d4 d5 2. c4 e6 3. Nc3 Nf6 4. Nf3 dxc4 5. e4 b5 6. e5 Nd5 7. Nxb5 Nb6 8. a4 Nc6 9. a5 Bb4+ 10. Bd2 Nd5 11. Bxc4 O-O 12. O-O Ba6 13. Bxb4 Ncxb4 14. Na3 Rb8 15. Qe2 Qc8 16. Rac1 Bxc4 17. Qxc4 Na6 18. Rc2 Rb4 19. Qd3 Qb7 20. Ng5 g6 21. Qh3 h5 22. Nc4 Rb3 23. Qh4 Nab4 24. Rcc1 Nd3 25. Rc2 N5f4 26. f3 Qd5 27. Ne4 Qxd4+ 28. Kh1 Rb4 29. Ncd2 Qxe5 30. Rc5 Nd5 31. b3 f5 32. Qg5 Kh7 33. Nc3 Nxc5 34. Nc4 Qxc3 35. f4 Rxc4 36. bxc4 Qxc4 37. Re1 Ne4 38. Qh4 Qd4 39. Rf1 Rb8 40. h3 Qd3 41. Rc1 Qg3 42. Qxg3 Nxg3+ 43. Kh2 Ne4 44. Rc6 Rb1 45. Rxe6 h4 46. Re5 Ng3 47. Rxd5 Rh1# 0-1


[Site "https://www.chess.com"]

[Event "Titled Tuesday Blitz February 01 A 2022"]
[White "Arjun Kalyan"]
[Black "Sasikiran, Krishnan"]
[WhiteFideId "35018701"]
[BlackFideId "5004985"]
[WhiteElo "2742"]
[BlackElo "2865"]
[Result "1/2-1/2"]
[Round "08"]
[TimeControl "180+1"]
[Date "2022.02.01"]
[WhiteClock "0:00:08"]
[BlackClock "0:00:06"]

1. e4 e5 2. Nf3 Nc6 3. Bc4 Nf6 4. d3 Bc5 5. O-O O-O 6. h3 d6 7. c3 a5 8. Re1 h6 9. Nbd2 Re8 10. Nf1 Be6 11. Bxe6 Rxe6 12. d4 exd4 13. cxd4 Bb4 14. d5 Bxe1 15. dxe6 Bxf2+ 16. Kxf2 Nxe4+ 17. Kg1 fxe6 18. Qb3 Nc5 19. Qc4 Qf6 20. Ng3 Ne5 21. Nxe5 Qxe5 22. Qc3 Qxc3 23. bxc3 Na4 24. Bd2 b6 25. Kf2 Nb2 26. Ke2 Rf8 27. Rb1 Nc4 28. Be1 e5 29. Nf1 Rf4 30. Nd2 Nxd2 31. Bxd2 Ra4 32. Rb2 Kf7 33. Kd3 Ke6 34. c4 Ra3+ 35. Kc2 Rg3 36. Rb3 Rxg2 37. Rf3 g5 38. Rf8 h5 39. Rh8 h4 40. Rh7 c6 41. Rh6+ Ke7 42. Rg6 Rh2 43. Kd1 Rxh3 44. Bxg5+ Kd7 45. Rh6 Ra3 46. Rxh4 Rxa2 47. Rh7+ Ke6 48. Rh6+ Kf5 49. Bd2 d5 50. cxd5 cxd5 51. Rxb6 a4 52. Ra6 d4 53. Ra5 Ke4 54. Bc1 Ra1 55. Kc2 Ra2+ 56. Kb1 Rg2 57. Rxa4 Kd3 58. Ra3+ Kc4 59. Ra8 e4 60. Rc8+ Kb3 61. Rb8+ Kc4 62. Rc8+ Kb3 63. Rb8+ Kc4 64. Rc8+ 1/2-1/2


[Site "https://www.chess.com"]

[Event "Titled Tuesday Blitz February 01 A 2022"]
[White "Bacrot, Etienne"]
[Black "Abdrlauf, Elham"]
[WhiteFideId "605506"]
[BlackFideId "1533533"]
[WhiteElo "2859"]
[BlackElo "2949"]
[Result "0-1"]
[Round "08"]
[TimeControl "180+1"]
[Date "2022.02.01"]
[WhiteClock "0:00:02"]
[BlackClock "0:00:04"]

1. Nf3 Nf6 2. g3 g6 3. Bg2 Bg7 4. c4 c5 5. Nc3 Nc6 6. d4 d5 7. dxc5 d4 8. Nb5 Ne4 9. O-O Nxc5 10. b4 Ne6 11. Bb2 a6 12. Na3 Nxb4 13. e3 Nc6 14. exd4 Nexd4 15. Nxd4 Nxd4 16. Nc2 Nf5 17. Bxg7 Nxg7 18. Rb1 Qc7 19. Ne3 O-O 20. Nd5 Qc5 21. Re1 Ne6 22. Nb6 Rb8 23. Qd5 Rd8 24. Qxc5 Nxc5 25. Rxe7 Bf5 26. Ra1 Rd6 27. Nd5 Bd3 28. Rc7 Ne6 29. Nf6+ Kg7 30. Rxb7 Rbd8 31. Ng4 Bxc4 32. Ne3 Bb5 33. a4 Bc6 34. Bxc6 Rxc6 35. a5 Nc5 36. Rb6 Rdd6 37. Rab1 Na4 38. Rb7 Nc3 39. R1b3 Ne2+ 40. Kg2 Nd4 41. R3b6 Re6 42. Nd5 Re5 43. Nb4 Rce6 0-1


[Site "https://www.chess.com"]

[Event "Titled Tuesday Blitz February 01 A 2022"]
[White "Bortnyk, Olexandr"]
[Black "Le, Tuan Minh"]
[WhiteFideId "14120828"]
[BlackFideId "12401153"]
[WhiteElo "2905"]
[BlackElo "3009"]
[Result "0-1"]
[Round "08"]
[TimeControl "180+1"]
[Date "2022.02.01"]
[WhiteClock "0:00:06"]
[BlackClock "0:00:46"]

1. e4 c5 2. Nf3 Nf6 3. e5 Nd5 4. Nc3 e6 5. Ne4 f5 6. Nc3 Nc6 7. d4 d6 8. Bg5 Nxc3 9. bxc3 Qa5 10. Bd2 dxe5 11. dxe5 Be7 12. a4 Qc7 13. Bf4 O-O 14. Be2 Bd7 15. O-O Rad8 16. Qb1 Na5 17. Re1 h6 18. h3 Bc6 19. Bh2 b6 20. Qc1 Bd5 21. h4 Qc6 22. Qf4 Qe8 23. Bg3 Kh8 24. Rad1 Rg8 25. c4 Bc6 26. Rd6 Qf7 27. h5 Bxf3 28. Bxf3 Bxd6 29. exd6 Rge8 30. Qh4 Qf6 31. Qh2 e5 32. Bxe5 Nxc4 33. d7 Rxe5 34. Rd1 Rxd7 35. Rf1 Nd2 0-1


[Site "https://www.chess.com"]